 Dungeon Crawl Stone Soup version 0.22.0-13-g43fe8f2 (webtiles) character file.

3627 nikopol the Thaumaturge (level 9, -3/46 HPs)
             Began as a Deep Elf Fire Elementalist on Aug 16, 2018.
             Was a Priest of Vehumet.
             Slain by an unseen horror (11 damage)
             ... on level 8 of the Dungeon.
             The game lasted 00:23:00 (7735 turns).

nikopol the Thaumaturge (DEFE)                      Turns: 7735, Time: 00:23:01

Health: -3/46      AC:  5    Str:  5    XL:     9   Next: 87%
Magic:  10/35      EV: 14    Int: 24    God:    Vehumet [***...]
Gold:   460        SH:  0    Dex: 15    Spells: 15/31 levels left

rFire    . . .     SeeInvis .   w - +1 dagger (elec)
rCold    + . .     Gourm    .   (no shield)
rNeg     . . .     Faith    .   x - +0 robe of the Robin {rPois}
rPois    +         Spirit   .   s - +0 helmet
rElec    .         Reflect  .   (no cloak)
rCorr    .         Harm     .   d - +0 pair of gloves
MR       .....                  I - +0 pair of boots of Cuucorek {rC+}
Stlth    +++.......             n - amulet of the acrobat
HPRegen  0.15/turn              i - +4 ring of slaying
MPRegen  0.24/turn              G - ring of magical power

@: no status effects
A: no striking features
a: Renounce Religion


You were on level 8 of the Dungeon.
You worshipped Vehumet.
Vehumet was most pleased with you.
You were not hungry.

You visited 1 branch of the dungeon, and saw 8 of its levels.

You collected 460 gold pieces.

Inventory:

Hand Weapons
 w - a +1 dagger of electrocution (weapon)
Armour
 a - a +0 robe
 d - a +0 pair of gloves (worn)
 s - a +0 helmet (worn)
 x - the +0 robe of the Robin (worn) {rPois}
   (You found it on level 5 of the Dungeon)

   It protects you from poison.
 I - the +0 pair of boots of Cuucorek (worn) {rC+}
   (You found it on level 8 of the Dungeon)

   It protects you from cold.
Jewellery
 i - a +4 ring of slaying (left hand)
 n - an amulet of the acrobat (around neck)
 G - a ring of magical power (right hand)
Wands
 y - a wand of iceblast (8)
 z - a wand of polymorph (9)
 E - a wand of flame (37)
 F - a wand of digging (5)
 J - a wand of paralysis (15)
Scrolls
 f - 3 scrolls of remove curse
 h - a scroll of fog {unknown}
 k - 3 scrolls of enchant weapon {unknown}
 m - 3 scrolls of teleportation {unknown}
 o - a scroll of random uselessness {unknown}
 t - a scroll of identify
 u - 2 scrolls of enchant armour {unknown}
 v - a scroll of amnesia {unknown}
 A - a scroll of blinking {unknown}
 B - a scroll of immolation {unknown}
 C - a scroll of fear {unknown}
Potions
 b - a potion of heal wounds
 e - a potion of ambrosia {unknown}
 g - 2 potions of haste
 j - a potion of flight {unknown}
 l - 6 potions of cancellation
 p - 2 potions of berserk rage
 q - 5 potions of curing
 r - a potion of brilliance {unknown}
 D - a potion of degeneration {unknown}
 H - a potion of mutation {unknown}
Comestibles
 c - 7 rations


   Skills:
 + Level 0.5 Fighting
 + Level 3.8 Dodging
 + Level 4.1 Stealth
 + Level 11.5 Spellcasting
 + Level 8.1 Conjurations
 + Level 8.6 Fire Magic
 + Level 2.0 Ice Magic


You had 15 spell levels left.
You knew the following spells:

 Your Spells              Type           Power        Failure   Level  Hunger
a - Flame Tongue          Conj/Fire      #####        1%          1    None
b - Throw Flame           Conj/Fire      ######       1%          2    None
c - Conjure Flame         Conj/Fire      ######..     1%          3    None
d - Sticky Flame          Conj/Fire      ######..     1%          4    None
e - Fireball              Conj/Fire      ######....   1%          5    ####...
f - Freeze                Ice            ###.         1%          1    None

Your spell library contained the following spells:

 Spells                   Type           Power        Failure   Level  Hunger
 Lightning Bolt           Conj/Air       ####......   7%          5    ####...
 Shock                    Conj/Air       ####         1%          1    None
 Swiftness                Chrm/Air       ##......     7%          2    None
 Airstrike                Air            ##........   12%         4    None
 Static Discharge         Conj/Air       ####....     1%          3    None
 Inner Flame              Hex/Fire       ####....     1%          3    None


Dungeon Overview and Level Annotations

Branches:
Dungeon (8/15)             Temple (0/1) D:5
   Lair: D:8-11

Altars:
Dithmenos
Elyvilon
Hepliaklqana
Qazlal
Sif Muna
Vehumet
Wu Jian
Xom
Zin

Shops:
D:5 !


Message History

Confirm with . or Enter, or press ? or * to list all spells.
Aiming: Sticky Flame (safe; 1% risk of failure)
Press: ? - help, Shift-Dir - straight line Something hits you but does no damage.
Casting: Sticky Flame (safe; 1% risk of failure)
Confirm with . or Enter, or press ? or * to list all spells.
Aiming: Sticky Flame (safe; 1% risk of failure)
Press: ? - help, Shift-Dir - straight line Something hits you.
* * * LOW HITPOINT WARNING * * *
You feel much better. Something completely misses you. Something hits you!
* * * LOW HITPOINT WARNING * * *
Something hits you.
* * * LOW HITPOINT WARNING * * *
Casting: Sticky Flame (safe; 1% risk of failure)
Confirm with . or Enter, or press ? or * to list all spells.
Aiming: Sticky Flame (safe; 1% risk of failure)
Press: ? - help, Shift-Dir - straight line Something hits you!
You die...

#...$......###
.#.<$......
#..........$#.#
#..####.......# .
.......### ###.#.#†#
........#
####.#...#########.#
......###(...@/....#
.... ##.######### ##.
#.# #.. ##.#
#...###.###########..#
#...)...............#
.........######.######.#
#######.## #.# #.# #.# #


There were no monsters in sight!

Vanquished Creatures
  Erica (D:7)
  Maurice (D:8)
  2 orc warriors
  3 sky beasts
  A phantom (D:6)
  An ice beast (D:6)
  An ogre (D:6)
  2 centaurs
  5 bullfrogs
  3 scorpions
  A water moccasin skeleton (D:4)
  2 killer bees (D:7)
  A howler monkey (D:8)
  A centaur zombie (D:5)
  A bullfrog zombie (D:6)
  3 crimson imps
  2 hounds
  2 jellies (D:5)
  2 bullfrog skeletons
  7 orc priests
  5 orc wizards
  4 worker ants
  A hound zombie (D:5)
  10 adders
  3 gnolls (D:6)
  5 shadow imps
  An adder zombie (D:7)
  3 adder skeletons
  6 worms
  3 dart slugs
  6 leopard geckos
  30 orcs
  7 bats
  4 giant cockroaches
  12 goblins
  3 hobgoblins (D:1)
  9 jackals
  3 quokkas
  A ball python (D:2)
  A ball python skeleton (D:4)
  7 frilled lizards
  11 kobolds
  A quokka skeleton (D:5)
  A quokka zombie (D:6)
  7 rats
186 creatures vanquished.

Notes
Turn   | Place    | Note
-------+----------+-------------------------------------------
     0 | D:1      | nikopol the Deep Elf Fire Elementalist began the quest for the Orb.
     0 | D:1      | Reached XP level 1. HP: 10/10 MP: 6/6
   335 | D:1      | Reached XP level 2. HP: 15/15 MP: 2/8
   948 | D:2      | Reached XP level 3. HP: 19/19 MP: 0/9
   952 | D:2      | Learned a level 2 spell: Throw Flame
   956 | D:2      | Learned a level 3 spell: Conjure Flame
  1329 | D:2      | Reached skill level 4 in Spellcasting
  1404 | D:2      | Reached XP level 4. HP: 24/24 MP: 9/12
  1414 | D:2      | Learned a level 4 spell: Sticky Flame
  1747 | D:2      | Found a radiant altar of Vehumet.
  1751 | D:2      | Became a worshipper of Vehumet
  2319 | D:3      | Reached * piety under Vehumet
  2319 | D:3      | Offered knowledge of Shock by Vehumet.
  2433 | D:3      | Found a stormy altar of Qazlal.
  2434 | D:3      | Found a white marble altar of Elyvilon.
  2451 | D:3      | Found a glowing silver altar of Zin.
  2589 | D:3      | Found a shadowy altar of Dithmenos.
  2820 | D:4      | Reached skill level 5 in Spellcasting
  2820 | D:4      | Reached XP level 5. HP: 28/28 MP: 5/14
  2897 | D:4      | Found a hazy altar of Hepliaklqana.
  2898 | D:4      | Found a shimmering altar of Xom.
  2898 | D:4      | Noticed an insubstantial wisp
  2899 | D:4      | Noticed a spectral ugly thing
  2899 | D:4      | Noticed an insubstantial wisp
  3023 | D:4      | HP: 1/28 [something/magic dart (5)]
  3399 | D:4      | Reached XP level 6. HP: 27/32 MP: 3/16
  3402 | D:4      | Reached skill level 6 in Spellcasting
  3705 | D:4      | Learned a level 5 spell: Fireball
  4189 | D:5      | Entered Level 5 of the Dungeon
  4371 | D:5      | Offered knowledge of Freeze by Vehumet.
  4419 | D:5      | Reached skill level 5 in Fire Magic
  4419 | D:5      | Reached XP level 7. HP: 23/36 MP: 16/19
  4421 | D:5      | Reached ** piety under Vehumet
  4423 | D:5      | Reached skill level 7 in Spellcasting
  4485 | D:5      | Found a staircase to the Ecumenical Temple.
  4672 | D:5      | Learned a level 1 spell: Freeze
  4766 | D:5      | Reached skill level 5 in Conjurations
  4949 | D:5      | Found Zudokkump's Distillery.
  5059 | D:5      | Got a wizard robe
  5070 | D:5      | Identified the +0 robe of the Robin {rPois} (You found it on level 5 of the Dungeon)
  5115 | D:6      | Reached skill level 8 in Spellcasting
  5482 | D:6      | Reached XP level 8. HP: 34/41 MP: 11/22
  5537 | D:6      | Reached skill level 1 in Ice Magic
  5628 | D:6      | Reached skill level 9 in Spellcasting
  5807 | D:6      | Offered knowledge of Mephitic Cloud by Vehumet.
  6228 | D:6      | Reached *** piety under Vehumet
  6484 | D:7      | Found a deep blue altar of Sif Muna.
  6586 | D:7      | Reached XP level 9. HP: 45/45 MP: 20/24
  6888 | D:7      | Offered knowledge of Fulminant Prism by Vehumet.
  6888 | D:7      | Reached skill level 10 in Spellcasting
  7288 | D:7      | Found an ornate altar of the Wu Jian Council.
  7378 | D:8      | Noticed Erica
  7390 | D:7      | Killed Erica
  7426 | D:8      | Noticed Maurice
  7434 | D:7      | Reached skill level 11 in Spellcasting
  7689 | D:8      | Killed Maurice
  7694 | D:8      | Got a pair of pitted boots
  7700 | D:8      | Identified the +0 pair of boots of Cuucorek {rC+} (You found it on level 8 of the Dungeon)
  7735 | D:8      | Slain by an unseen horror

Skill      XL: |  1  2  3  4  5  6  7  8  9 |
---------------+----------------------------+-----
Fire Magic     | 4 5 7 8 |  8.6
Spellcasting   | 4 5 6 8 9 11 | 11.5
Stealth        | 3 4 |  4.1
Conjurations   | 2 3 4 5 6 8 |  8.1
Dodging        | 3 |  3.8
Ice Magic      | 2 |  2.0
Fighting       | |  0.5

Action                   |  1- 3 |  4- 6 |  7- 9 || total
-------------------------+-------+-------+-------++-------
 Cast: Flame Tongue      |    73 |   154 |   167 ||   394
       Sticky Flame      |       |     2 |    21 ||    23
       Conjure Flame     |       |     1 |     3 ||     4
       Freeze            |       |       |    12 ||    12
       Fireball          |       |       |     7 ||     7
       Throw Flame       |       |       |     6 ||     6
  Use: Scroll            |       |     4 |     2 ||     6
       Potion            |       |       |     1 ||     1
  Eat: Chunk             |     1 |    10 |    11 ||    22
Armor: Robe              |     6 |     8 |    14 ||    28
Dodge: Dodged            |    30 |    31 |    55 ||   116
